 Dungeon Crawl Stone Soup version 0.24-a0-504-gcfb02b9d07 (webtiles) character file.

Game seed: 17757090824514099164

128408 Gargoyl the Cleaver (level 16, 0/149 HPs)
             Began as a Centaur Abyssal Knight on July 16, 2019.
             Was a Priest of Lugonu.
             Slain by Donald
             ... wielding a +1 demon trident of electrocution
              (11 damage)
             ... on level 1 of the Shoals.
             The game lasted 01:07:21 (42465 turns).

Gargoyl the Cleaver (Centaur Abyssal Knight)       Turns: 42465, Time: 01:07:22

Health: 0/149      AC: 24    Str: 20    XL:     16   Next: 48%
Magic:  22/26      EV: 11    Int: 11    God:    Lugonu [***...]
Gold:   805        SH: 14    Dex: 17    Spells: 15/15 levels left

rFire    . . .     SeeInvis +   e - +8 war axe (venom)
rCold    . . .     Gourm    .   t - +3 shield
rNeg     . . .     Faith    .   E - +1 scale mail {MR+}
rPois    +         Spirit   .   n - +2 helmet
rElec    .         Reflect  .   i - +0 cloak
rCorr    .         Harm     .   P - +1 pair of gloves {archery}
MR       ++...                  B - +1 centaur barding {Fly}
Stlth    ..........             (no amulet)
HPRegen  0.34/turn              z - +2 ring of strength
MPRegen  0.20/turn              m - ring "Qoceg" {Wiz rPois Dex+4}

@: flying, very quick
A: large, hooves 3, see invisible, deformed body, speed 2, robust 1, tough skin
3
a: Depart the Abyss, Bend Space, Banish, Renounce Religion, Stop Flying


You were on level 1 of the Shoals.
You worshipped Lugonu.
Lugonu was most pleased with you.
You were not hungry.

You visited 5 branches of the dungeon, and saw 25 of its levels.
You visited the Abyss 4 times.
You visited 1 bazaar.
You also visited: Sewer and Ice Cave.

You collected 2335 gold pieces.
You spent 1530 gold pieces at shops.

Inventory:

Hand Weapons
 e - a +8 war axe of venom (weapon)
 I - a +0 broad axe of protection
 W - a +3 war axe
Missiles
 F - 11 boomerangs (quivered)
Armour
 i - a +0 cloak (worn)
 n - a +2 helmet (worn)
 t - a +3 shield (worn)
 B - a +1 centaur barding of flying (worn)
 E - a +1 scale mail of magic resistance (worn)
 P - a +1 pair of gloves of archery (worn)
Jewellery
 m - the ring "Qoceg" (right hand) {Wiz rPois Dex+4}
   (You found it on level 10 of the Dungeon)

   [ring of wizardry]

   It improves your spell success rate.
   It affects your dexterity (+4).
   It protects you from poison.
 r - an uncursed ring of protection from cold
 u - an uncursed ring of flight
 x - an uncursed ring of protection from cold
 z - a +2 ring of strength (left hand)
 S - an uncursed ring of positive energy
Wands
 v - a wand of polymorph (7)
 D - a wand of digging (4)
 G - a wand of clouds (5)
 K - a wand of paralysis (15)
 L - a wand of disintegration (18)
 M - a wand of iceblast (32)
 N - a wand of flame (19)
 T - a wand of scattershot (6)
Scrolls
 b - 10 scrolls of identify
 g - 2 scrolls of teleportation
 j - 4 scrolls of fear
 o - 5 scrolls of fog
 w - 16 scrolls of remove curse
 A - 3 scrolls of magic mapping
 U - a scroll of silence {unknown}
 V - a scroll of enchant armour
Potions
 d - 8 potions of might
 f - 2 potions of ambrosia
 h - 5 potions of flight
 k - 2 potions of haste
 l - 7 potions of agility
 p - 2 potions of magic
 q - 2 potions of curing
 s - 2 potions of brilliance
 C - a potion of invisibility
 H - a potion of resistance
 J - 2 potions of cancellation
 Q - 2 potions of heal wounds
Miscellaneous
 y - a phantom mirror
Comestibles
 a - 2 chunks of flesh
 c - 25 rations


   Skills:
 + Level 10.8 Fighting
 + Level 14.1 Axes
 + Level 0.8 Throwing
 * Level 10.6 Armour
 * Level 9.4 Dodging
 + Level 7.6 Shields
 * Level 13.7 Invocations
 + Level 1.2 Evocations


You had 15 spell levels left.
You didn't know any spells.
Your spell library contained the following spells:

 Spells                   Type           Power        Failure   Level  Hunger
 Corona                   Hex            #......      41%         1    ##.....
 Magic Dart               Conj           #...         41%         1    ##.....
 Ensorcelled Hibernation  Hex/Ice        #.....       52%         2    ###....
 Passwall                 Tmut/Erth      #.......     52%         2    ###....
 Searing Ray              Conj           #.....       52%         2    ###....
 Swiftness                Chrm/Air       #.......     52%         2    ###....
 Confuse                  Hex            #.......     77%         3    ####...
 Dazzling Spray           Conj/Hex       #.....       77%         3    ####...
 Recall                   Summ/Tloc      N/A          77%         3    ####...
 Tukima's Dance           Hex            #.......     77%         3    ####...
 Force Lance              Conj/Tloc      #.......     98%         4    #####..
 Fulminant Prism          Conj/Hex       #.........   98%         4    #####..
 Iskenderun's Mystic Bla  Conj           #.......     98%         4    #####..
 Passage of Golubria      Tloc           N/A          98%         4    #####..
 Aura of Abjuration       Summ           #.........   100%        5    ######.
 Lee's Rapid Deconstruct  Erth           #.........   100%        5    ######.
 Summon Demon             Summ           #.........   100%        5    ######.
 Summon Forest            Summ/Tloc      #.........   100%        5    ######.
 Summon Mana Viper        Hex/Summ       #.......     100%        5    ######.
 Darkness                 Hex            #.........   100%        6    #######
 Invisibility             Hex            #.......     100%        6    #######
 Shadow Creatures         Summ           N/A          100%        6    #######


Dungeon Overview and Level Annotations

Branches:
Dungeon (15/15)            Temple (0/1) D:6            Lair (6/6) D:8
 Shoals (1/4) Lair:3       Spider (0/4) Lair:4        Slime (0/5) Lair:5
    Orc (2/2) D:9             Elf (0/3) Orc:2        Vaults (0/5) D:13
 Depths (1/5) D:15

Altars:
Dithmenos
Gozag
Makhleb
Xom
The Shining One
Beogh

Shops:
D:4 *   D:10 !   D:13 ?   D:14 ![   Orc:2 *(%!

Portals:
Hell: Depths:1
Pandemonium: Depths:1

Annotations:
Shoals:1 Donald
Orc:2 b


Innate Abilities, Weirdness & Mutations

You have hooves in place of feet.
Armour fits poorly on your strangely shaped body.
You cover ground very quickly.
You have extremely tough skin. (AC +3)
You have supernaturally acute eyesight. (SInv)
You are robust. (+10% HP)


Message History

The hippogriff claws you but does no damage.
Donald closely misses you. Donald blocks your attack. x2
Donald is heavily wounded.
You slash the hippogriff!
You kill the hippogriff!
Lugonu accepts your kill.
Donald says, "I never knew blinking was supposed to hurt."
Donald hits you with a +1 demon trident of electrocution!!
* * * LOW HITPOINT WARNING * * *
Unknown command.
You feel better. Donald hits you but does no damage.
Press: ? - help, Shift-Dir - straight line, f - Donald
Aim: Donald, wielding a +1 demon trident of electrocution, wearing a +0 plate armour and wearing a +0 shield of reflection (heavily wounded, fast, unusually strong, chance to defeat MR: 27%) Donald easily resists.
You feel quite a bit more hungry. Donald hits you but does no damage.
You are electrocuted!
* * * LOW HITPOINT WARNING * * *
Donald says, "These tides are fast.
That can't be natural!"
Donald hits you with a +1 demon trident of electrocution!
You die...

≈≈≈≈≈≈≈≈≈≈≈≈≈≈##
≈≈≈≈≈≈≈≈≈≈≈≈≈≈≈### ≈≈
≈≈≈≈≈≈≈≈≈≈≈≈≈≈≈≈#
≈≈≈....≈≈≈≈≈≈≈≈≈≈≈≈?.
≈.....##≈≈≈≈≈≈≈≈≈≈≈≈≈≈
......>.#.≈≈≈≈≈≈≈≈≈≈≈≈≈≈
..≈≈≈..≈.≈≈≈≈≈≈≈≈@$≈≈≈≈≈
≈≈≈≈.....≈≈≈≈..≈@≈≈≈≈≈≈≈
≈≈≈≈≈≈≈..≈≈.....≈≈≈...≈≈
≈≈≈≈≈≈≈≈≈≈..#...≈≈≈.....
..≈≈≈≈≈≈≈≈..###.≈≈≈.....
.≈≈≈≈≈≈≈....###..≈..#.##
..≈≈≈≈≈.....P....≈..^..#
...≈≈.......##..P≈≈....#
.........######.≈P≈..≈≈
##......#######.P≈≈..


You could see Donald.

Vanquished Creatures
  Rupert (Orc:2)
  Gastronok (Lair:1)
  Frances (D:13)
  2 frost giants (Depths:1)
  2 stone giants (Depths:1)
  A very ugly thing (Depths:1)
  Nessos (D:13)
  2 spark wasps (Depths:1)
  The ghost of Miwiyf the Severer, a journeyman DDFi of Makhleb (Lair:3)
  2 ettins
  Snorg (D:12)
  A fire dragon (Depths:1)
  Josephine (D:13)
  Fannar (Orc:1)
  Erolcha (D:11)
  4 vault guards
  2 ice dragons
  3 catoblepae (Lair:6)
  A merfolk avatar (Shoals:1)
  4 ogre magi
  Erica (Orc:1)
  8 centaur warriors
  A death knight (D:15)
  10 two-headed ogres
  6 death yaks (Lair:6)
  2 deep troll shamans
  4 tengu warriors
  Sonja (Lair:2)
  An iron troll (D:15)
  3 skeletal warriors (D:14)
  An unseen horror (D:14)
  4 deep trolls
  3 wizards
  A necromancer (Depths:1)
  Pikel (D:5)
  2 orc knights (Orc:2)
  4 orc sorcerers
  5 cyclopes
  A phantasmal warrior (D:15)
  A wolf spider (Lair:4)
  7 ugly things
  An orb spider (shapeshifter) (D:14)
  2 deep elf magi
  3 manticores
  6 elephants
  3 fauns (Shoals:1)
  A merfolk siren (Shoals:1)
  2 ice statues (IceCv)
  5 black mambas
  A spriggan skeleton (Depths:1)
  A gargoyle (D:15)
  9 spiny frogs
  5 rime drakes
  7 komodo dragons
  7 yaktaurs
  A komodo dragon (shapeshifter) (D:14)
  A spark wasp simulacrum (Depths:1)
  2 freezing wraiths (D:15)
  6 trolls
  A snapping turtle (Lair:3)
  A hornet (D:12)
  2 polar bears
  A jumping spider (Lair:4)
  13 blink frogs
  A raiju (shapeshifter) (Depths:1)
  5 slime creatures (Depths:1)
  10 dream sheep
  3 hippogriffs
  A redback (Lair:4)
  3 shadows
  A vampire (D:12)
  A basilisk (Lair:4)
  61 yaks
  9 wraiths
  3 hungry ghosts
  A small abomination (Abyss:1)
  6 vampire mosquitoes
  A neqoxec (Abyss:1)
  Edmund (D:6)
  A warg (Orc:1)
  2 soldier ants (D:12)
  3 acid dragons
  11 water moccasins
  4 porcupines
  2 hornet zombies (D:10)
  4 black bears
  3 sky beasts
  An eye of draining (D:13)
  9 ice beasts
  A slave (D:5)
  44 orc warriors
  3 phantoms
  10 wolves
  12 ogres
  23 centaurs
  19 crocodiles
  2 big kobolds
  16 bullfrogs
  A hornet simulacrum (D:14)
  3 scorpions
  A wyvern skeleton (D:13)
  17 killer bees
  4 wights
  An electric eel (Lair:3)
  5 howler monkeys
  9 crimson imps
  18 jellies
  A quasit (D:10)
  3 bullfrog zombies
  5 centaur zombies
  A wyvern simulacrum (Lair:3)
  A gnoll shaman (D:7)
  A hound (D:14)
  6 centaur skeletons
  16 orc priests
  2 water moccasin simulacra (Lair:3)
  Crazy Yiuf (D:5)
  2 bullfrog skeletons
  2 iguanas (D:6)
  Ijyb (D:5)
  25 orc wizards
  14 worker ants
  2 howler monkey zombies
  2 worker ant zombies
  10 adders
  4 gnolls (D:7)
  A crocodile simulacrum (Lair:3)
  4 shadow imps
  An adder skeleton (D:5)
  An adder zombie (D:5)
  2 worms (D:2)
  3 dart slugs
  7 leopard geckos
  93 orcs
  7 bats
  5 giant cockroaches
  6 goblins
  5 hobgoblins
  16 jackals
  7 quokkas
  4 ball pythons
  12 frilled lizards
  15 kobolds
  7 rats
  2 fungi
  16 plants
830 creatures vanquished.

Vanquished Creatures (others)
  A fire giant (Depths:1)
  A vampire knight (Depths:1)
  A spark wasp (D:15)
  5 hydras
  A centaur warrior (D:14)
  An orc knight (Orc:2)
  A spark wasp simulacrum (Depths:1)
  A basilisk (D:14)
  A centaur (Orc:2)
  An ogre (D:14)
  2 hounds (D:5)
  A bush (Lair:5)
  9 fungi
  4 plants
30 creatures vanquished.

Grand Total: 860 creatures vanquished

Notes
Turn   | Place    | Note
-------+----------+-------------------------------------------
     0 | Abyss:1  | Gargoyl the Centaur Abyssal Knight began the quest for the
                  | Orb.
     0 | Abyss:1  | Reached XP level 1. HP: 19/19 MP: 2/2
   138 | Abyss:1  | Found a corrupted altar of Lugonu.
   180 | Abyss:2  | Noticed a wraith
   237 | Abyss:2  | Noticed a small abomination
   237 | Abyss:2  | Noticed a starcursed mass
   238 | Abyss:2  | Noticed a small abomination
   240 | D:1      | Escaped the Abyss
   486 | D:1      | Reached XP level 2. HP: 17/26 MP: 3/3
   488 | D:1      | Reached * piety under Lugonu
   693 | D:2      | Reached skill level 2 in Axes
   822 | D:2      | Reached skill level 1 in Dodging
   822 | D:2      | Reached XP level 3. HP: 23/31 MP: 4/4
  2516 | D:3      | Found a faded altar of an unknown god.
  2536 | D:3      | Reached ** piety under Lugonu
  2545 | D:3      | Reached XP level 4. HP: 37/38 MP: 5/5
  3109 | D:4      | Found Pycin's Assorted Antiques.
  3131 | D:4      | Bought a small onyx ring for 115 gold pieces
  3463 | D:4      | Reached XP level 5. HP: 44/46 MP: 5/7
  3532 | D:5      | Entered Level 5 of the Dungeon
  3567 | D:5      | Noticed Ijyb
  3652 | D:5      | Killed Ijyb
  3652 | D:5      | Reached skill level 3 in Axes
  3739 | D:5      | Found a shadowy altar of Dithmenos.
  3813 | D:5      | Reached XP level 6. HP: 41/52 MP: 8/8
  4023 | D:5      | Noticed a slave
  4024 | D:5      | Noticed Pikel
  4024 | D:5      | Noticed a slave
  4024 | D:5      | Noticed a slave
  4024 | D:5      | Noticed a slave
  4036 | D:5      | Killed Pikel
  4036 | D:5      | Reached skill level 4 in Axes
  4036 | D:5      | Reached XP level 7. HP: 7/59 MP: 9/9
  4526 | D:5      | Found a runed translucent door.
  4527 | D:5      | Noticed Crazy Yiuf
  4592 | D:5      | Found a shimmering altar of Xom.
  4719 | D:5      | Killed Crazy Yiuf
  4813 | D:6      | Noticed Edmund
  4826 | D:6      | Killed Edmund
  4894 | D:6      | Reached XP level 8. HP: 66/67 MP: 11/11
  4951 | D:6      | Reached skill level 5 in Axes
  4974 | D:6      | Gained mutation: You have supernaturally acute eyesight.
                  | (SInv) [potion of mutation]
  4974 | D:6      | Gained mutation: You are robust. (+10% HP) [potion of
                  | mutation]
  5002 | D:6      | Found a glowing drain.
  5013 | Sewer    | Entered a sewer
  5083 | Sewer    | Reached *** piety under Lugonu
  5840 | D:6      | Found a staircase to the Ecumenical Temple.
  5989 | D:6      | Reached skill level 5 in Fighting
  6033 | D:7      | Reached skill level 5 in Invocations
  6046 | D:7      | Reached skill level 1 in Shields
  6065 | D:7      | Reached skill level 6 in Axes
  6246 | D:7      | Noticed a deep elf mage
  6258 | D:7      | Killed a deep elf mage
  6258 | D:7      | Reached XP level 9. HP: 31/81 MP: 11/13
  6740 | D:7      | Reached **** piety under Lugonu
  6842 | D:7      | Found an opulent altar of Gozag.
  6842 | D:7      | Found a burning altar of Makhleb.
  6868 | D:7      | Reached skill level 5 in Armour
  7063 | D:7      | Found Qituew's Antique Armour Shop.
  7352 | D:8      | Reached skill level 7 in Axes
  7518 | D:8      | Found a staircase to the Lair.
  7519 | D:8      | Noticed a komodo dragon
  7548 | D:8      | Killed a komodo dragon
  8087 | D:8      | Reached XP level 10. HP: 90/91 MP: 14/14
  8258 | Lair:1   | Entered Level 1 of the Lair of Beasts
  8310 | Lair:1   | Noticed a spiny frog
  8321 | Lair:1   | Killed a spiny frog
  8456 | Lair:1   | Noticed a black mamba
  8474 | Lair:1   | Killed a black mamba
  8620 | Lair:1   | Noticed a black mamba
  8700 | Lair:1   | Killed a black mamba
  8700 | Lair:1   | Reached skill level 8 in Axes
  9061 | Lair:1   | Noticed Sonja
  9122 | Lair:1   | Noticed a six-headed hydra
  9124 | Lair:1   | Banished a six-headed hydra
  9259 | Lair:1   | Noticed Gastronok
  9267 | Lair:2   | Noticed a six-headed hydra
  9272 | Lair:2   | Banished a six-headed hydra
  9350 | Lair:2   | Killed Sonja
  9480 | Lair:1   | Killed Gastronok
  9480 | Lair:1   | Reached skill level 5 in Dodging
  9480 | Lair:1   | Reached XP level 11. HP: 73/100 MP: 15/17
 10818 | Lair:2   | Reached skill level 9 in Axes
 11989 | Lair:3   | Found a runed translucent gate.
 11989 | Lair:3   | Found a runed translucent gate.
 11989 | Lair:3   | Found a runed translucent gate.
 12163 | Lair:3   | Found a staircase to the Shoals.
 12581 | Lair:3   | Noticed Miwiyf's ghost (journeyman DDFi)
 13696 | Lair:3   | Killed Miwiyf's ghost
 13909 | Lair:3   | Got the ring of Prescription {Fire}
 13971 | Lair:3   | Reached XP level 12. HP: 97/106 MP: 19/19
 14032 | Lair:4   | Reached skill level 1 in Evocations
 14195 | Lair:4   | Found a frozen archway.
 14208 | IceCv    | Entered an ice cave
 14389 | IceCv    | Found a transporter.
 14437 | IceCv    | Found a transporter.
 14751 | IceCv    | Reached skill level 10 in Axes
 15073 | Lair:4   | Reached skill level 10 in Invocations
 15600 | Lair:4   | Noticed an eight-headed hydra
 15605 | Lair:4   | Banished an eight-headed hydra
 16278 | Lair:4   | Found a hole to the Spider Nest.
 18090 | Lair:5   | Found a staircase to the Slime Pits.
 18503 | Lair:6   | Entered Level 6 of the Lair of Beasts
 18535 | Lair:6   | Reached XP level 13. HP: 98/117 MP: 20/20
 18556 | Lair:6   | Reached ***** piety under Lugonu
 18886 | Lair:6   | Reached skill level 11 in Axes
 19727 | Lair:6   | Reached skill level 5 in Shields
 22120 | D:9      | Got a pitted war axe
 22121 | D:9      | Identified the +8 war axe of Neurosis {chop, rF+ MR+ Str+3
                  | Dex-4} (You found it on level 9 of the Dungeon)
 22155 | D:9      | Found a staircase to the Orcish Mines.
 22618 | D:9      | Found a roughly hewn altar of Beogh.
 22761 | D:10     | Entered Level 10 of the Dungeon
 22830 | D:10     | Found Imidiura's Distillery.
 23037 | D:10     | Got a transparent silver ring
 23427 | D:11     | Reached XP level 14. HP: 127/127 MP: 17/22
 23543 | D:11     | Identified the ring "Qoceg" {Wiz rPois Dex+4} (You found it
                  | on level 10 of the Dungeon)
 23727 | D:11     | Reached skill level 12 in Axes
 23958 | D:11     | Noticed Erolcha
 24330 | D:11     | Killed Erolcha
 24481 | D:12     | Reached ****** piety under Lugonu
 25308 | D:13     | Noticed Josephine
 25316 | D:13     | Killed Josephine
 25460 | D:12     | Escaped the Abyss
 25770 | D:13     | Found a gate to the Vaults.
 26903 | D:13     | Noticed Frances
 26919 | D:13     | Killed Frances
 27168 | D:13     | Noticed Nessos
 27508 | D:13     | Killed Nessos
 27686 | D:13     | Found Nime's Magic Scroll Boutique.
 27694 | D:13     | Bought a scroll of acquirement for 780 gold pieces
 27694 | D:13     | Bought a scroll of brand weapon for 300 gold pieces
 27695 | D:13     | Got a wavering silver ring
 27697 | D:13     | Identified the ring of Tirchanig {rN+ Str-3 Dex+3 SInv}
                  | (You acquired it on level 13 of the Dungeon)
 27931 | D:13     | Noticed Snorg
 27945 | Abyss:1  | HP: 4/129 [wretched star/orb of energy (16)]
 28123 | D:13     | Escaped the Abyss
 28238 | D:12     | Killed Snorg
 28786 | D:14     | Found Qoriec's Distillery.
 28793 | D:14     | Bought a potion of heal wounds for 70 gold pieces
 28793 | D:14     | Bought a potion of heal wounds for 70 gold pieces
 28793 | D:14     | Bought a potion of heal wounds for 70 gold pieces
 28793 | D:14     | Bought a potion of heal wounds for 70 gold pieces
 29072 | D:14     | Found Humpyem's General Store.
 29286 | D:15     | Entered Level 15 of the Dungeon
 29715 | D:14     | Found a flickering gateway to a bazaar.
 29726 | Bazaar   | Entered a bazaar
 29726 | Bazaar   | Found Ironezao's Food Shoppe.
 29782 | Bazaar   | Found Hoblauhe's Armour Shop.
 29792 | Bazaar   | Found Rabbeeka's Weapon Shop.
 29810 | Bazaar   | Found Meirarha's Antique Armour Boutique.
 29840 | D:14     | Reached XP level 15. HP: 112/138 MP: 24/24
 30119 | D:14     | Found Limur's Antique Armour Boutique.
 30432 | D:14     | Found a glowing golden altar of the Shining One.
 30460 | D:14     | Reached skill level 13 in Axes
 31192 | D:15     | HP: 2/138 [phantasmal warrior[a death knight] (27)]
 31747 | D:15     | Reached skill level 10 in Fighting
 31781 | D:15     | Found a staircase to the Depths.
 32139 | D:15     | Found a shimmering altar of Xom.
 32297 | Orc:1    | Entered Level 1 of the Orcish Mines
 32634 | Orc:2    | Entered Level 2 of the Orcish Mines
 32823 | Orc:2    | Reached skill level 10 in Armour
 33421 | Orc:2    | Noticed Rupert
 33475 | Orc:2    | Killed Rupert
 34632 | Orc:2    | Found Vutuad's Food Emporium.
 34632 | Orc:2    | Found Ruwn's Antique Weapon Boutique.
 34632 | Orc:2    | Found Fittin's Assorted Antiques.
 34635 | Orc:2    | Found Viucar's Distillery.
 34647 | Orc:2    | Bought a potion of heal wounds for 55 gold pieces
 34816 | Orc:2    | Found a staircase to the Elven Halls.
 34824 | Orc:1    | Noticed Erica
 34831 | Orc:1    | Killed Erica
 34840 | Orc:1    | Noticed Fannar
 34861 | Orc:1    | Killed Fannar
 34862 | Orc:1    | Found a roughly hewn altar of Beogh.
 35359 | Depths:1 | Entered Level 1 of the Depths
 36701 | Depths:1 | Paralysed by a vampire knight for 2 turns
 36713 | Depths:1 | Reached XP level 16. HP: 28/148 MP: 25/25
 38215 | Depths:1 | Reached skill level 14 in Axes
 38822 | Depths:1 | Found a gateway to Hell.
 38843 | Depths:1 | Found a one-way gate leading to the halls of Pandemonium.
 38939 | Abyss:1  | HP: 5/149 [large abomination (17)]
 38942 | Abyss:1  | Noticed a bone dragon
 38952 | Abyss:1  | Noticed an ancient lich
 38953 | Abyss:1  | Paralysed by an ancient lich for 4 turns
 38957 | Abyss:1  | HP: 6/149 [bone dragon (15)]
 38958 | Depths:1 | Escaped the Abyss
 40832 | Depths:1 | Identified the +5 morningstar of the Imperium {vamp, rElec
                  | rN+ MR+ SInv}
 42120 | Shoals:1 | Entered Level 1 of the Shoals
 42451 | Shoals:1 | Noticed Donald
 42465 | Shoals:1 | Slain by Donald

Levels and vault maps discovered:
D:1:      psy_arrival_whirlpool, layout_basic, minmay_tromino_mix6
D:2:      layout_basic
D:3:      layout_basic, chequers_ecumenical_altar_twisty, fountainhead,
          minmay_misc_feat_rugged
D:4:      layout_rooms, serial_shops, nicolae_shop_statue_plus
D:5:      layout_basic, lemuel_coloured_pillars_altar,
          nicolae_dithmenos_through_a_glass_darkly, first_ration, hex_medium,
          kennysheep_generic_room_7, uniq_pikel, uniq_crazy_yiuf_cottage,
          uniq_ijyb
D:6:      layout_basic, minmay_temple_entry_statues_fountains,
          portal_sewer_entry_f, uniq_edmund
D:7:      layout_basic, gammafunk_temple_overflow_wave, serial_shops,
          nicolae_shop_window_shopping, guppyfry_early_elven_hall
D:8:      layout_loops_ring, david_lair_shrubbed
D:9:      layout_roguey, minmay_orc_entry_temple_large, due_unseen_surprise
D:10:     layout_rooms, serial_glass, glass_columns_c, glass_columns_a,
          item_on_display_a, feat_on_display, feat_on_display, serial_shops,
          shop_fountains
D:11:     layout_irregular_city, uniq_erolcha
D:12:     layout_rooms, hangedman_pestilent_swarm, nooodl_food_tri
D:13:     layout_grid_maze, lightli_vaults_fourway_checkpoint, serial_shops,
          shop, uniq_frances, uniq_snorg, uniq_josephine, uniq_nessos
D:14:     layout_stronghold, basic_altar, hangedman_abyss_or_decor_clamps,
          serial_shops, bzr_firewalk, shop, nicolae_shop_waterfront,
          nicolae_shop_waterfront, minmay_fractal_squares_gapless_7
D:15:     grunt_enter_depths_magical_seal, layout_basic, minmay_misc_feat_tiny,
          tgw_xom
Lair:1:   layout_regular_city, uniq_sonja, uniq_gastronok
Lair:2:   layout_layer_cave, lemuel_fruit_fields, grunt_megastairs_5
Lair:3:   layout_regular_city, minmay_shoals_entry_hut, gammafunk_ghost_icy,
          gammafunk_lair_bear_cave
Lair:4:   layout_small_grid, spider_nest_entry_funnel_web,
          portal_ice_cave_entry_pillars_1
Lair:5:   layout_regular_city, minmay_slime_entry_jelly_boxes,
          grunt_megastairs_2
Lair:6:   evilmike_catoblepas_cave, layout_loops_ring, minivault_23,
          st_stairs_12
Shoals:1: layout_shoals, nicolae_shoals_cliffside_cave, uniq_donald
Orc:1:    layout_diamond_mine, basic_altar, uniq_erica, uniq_fannar
Orc:2:    st_orc_rangers, layout_caves, uniq_rupert
Depths:1: layout_cave_shapes, hell_entry, hangedman_decor_clover_reticule,
          pan_entry, hangedman_abyss_or_decor_slice,
          chequers_serial_rivers_small_a, kennysheep_kite_vault

Skill      XL: |  1  2  3  4  5  6  7  8  9 10 11 12 13 14 15 16 |
---------------+-------------------------------------------------+-----
Axes           | 2 3 4 6 7 8 9 10 11 12 13 14 | 14.1
Dodging        | 1 2 3 4 5 6 7 8 9 |  9.4
Armour         | 2 3 4 5 6 7 8 9 10 | 10.6
Invocations    | 3 4 5 6 8 9 10 11 12 13 | 13.7
Fighting       | 4 5 6 7 8 9 10 | 10.8
Shields        | 1 2 3 4 5 6 7 |  7.6
Evocations     | 1 |  1.2
Throwing       | |  0.8

Action                   |  1- 3 |  4- 6 |  7- 9 | 10-12 | 13-15 | 16-18 || total
-------------------------+-------+-------+-------+-------+-------+-------++-------
Melee: War axe           |    83 |    67 |   291 |   549 |  1362 |   214 ||  2566
       Kick              |    10 |    13 |    71 |   163 |   504 |    96 ||   857
Throw: Boomerang         |       |       |       |    11 |     7 |     1 ||    19
Invok: Depart the Abyss  |     1 |       |       |       |     2 |     1 ||     4
       Banish            |       |       |       |     8 |     9 |     7 ||    24
       Bend Space        |       |       |       |     2 |     6 |       ||     8
       Enter the Abyss   |       |       |       |       |     2 |     1 ||     3
Evoke: Wand              |       |       |     2 |    15 |     2 |       ||    19
  Use: Scroll            |    12 |     1 |    16 |    10 |    13 |     1 ||    53
       Potion            |       |       |     2 |     3 |    11 |     5 ||    21
 Stab: Petrified         |       |       |       |       |     1 |       ||     1
  Eat: Chunk             |     2 |     5 |    13 |    17 |    41 |     1 ||    79
       Ration            |       |       |     3 |     4 |     5 |     6 ||    18
Armor: Scale mail        |    44 |    23 |       |   218 |   572 |   108 ||   965
       Ring mail         |       |    24 |   162 |    16 |       |       ||   202
       Skin              |       |       |     1 |       |       |       ||     1
Dodge: Dodged            |    42 |    42 |    79 |   176 |   471 |    78 ||   888
Block: Shield            |       |       |   127 |   328 |   988 |   138 ||  1581

Table legend:
 A = Non-vault XP
 B = Vault XP
 C = Vault XP percentage of total XP
 D = Non-vault monster count
 E = Vault monster count
 F = Vault count percentage of total count
                 A         B        C        D         E       F
            +---------+---------+-------+---------+---------+-------
      Total |  115875 |   67566 |  36.8 |     611 |     213 |  25.8
            +---------+---------+-------+---------+---------+-------
        D:1 |      26 |       4 |  13.3 |      16 |       3 |  15.8
        D:2 |      60 |       0 |   0.0 |      23 |       0 |   0.0
        D:3 |      40 |       0 |   0.0 |      11 |       0 |   0.0
        D:4 |      93 |       0 |   0.0 |       9 |       0 |   0.0
        D:5 |     195 |     747 |  79.3 |       9 |       4 |  30.8
        D:6 |     597 |     176 |  22.8 |      13 |       6 |  31.6
        D:7 |    1766 |     535 |  23.3 |      40 |       1 |   2.4
        D:8 |    1018 |     378 |  27.1 |      21 |       1 |   4.5
        D:9 |    1644 |     275 |  14.3 |      24 |      17 |  41.5
       D:10 |    2308 |       0 |   0.0 |      26 |       0 |   0.0
       D:11 |    4553 |    1003 |  18.1 |      26 |       1 |   3.7
       D:12 |    3299 |    5812 |  63.8 |      24 |      15 |  38.5
       D:13 |    8449 |    7860 |  48.2 |      42 |      15 |  26.3
       D:14 |   11494 |    1783 |  13.4 |      41 |       3 |   6.8
       D:15 |   20966 |    7229 |  25.6 |      49 |      14 |  22.2
     Lair:1 |    5173 |    2224 |  30.1 |      21 |       1 |   4.5
     Lair:2 |    2578 |    2831 |  52.3 |      13 |       7 |  35.0
     Lair:3 |    2637 |    2198 |  45.5 |      13 |      10 |  43.5
     Lair:4 |    6185 |    1100 |  15.1 |      28 |       3 |   9.7
     Lair:5 |    4471 |    1100 |  19.7 |      22 |      17 |  43.6
     Lair:6 |   10346 |   11367 |  52.4 |      33 |      23 |  41.1
   Shoals:1 |    3553 |       0 |   0.0 |       7 |       0 |   0.0
      Orc:1 |    3890 |    1925 |  33.1 |      25 |       2 |   7.4
      Orc:2 |    2745 |    8346 |  75.3 |      47 |      37 |  44.0
   Depths:1 |   17430 |    7779 |  30.9 |      26 |       7 |  21.2
    Abyss:1 |     359 |       0 |   0.0 |       2 |       0 |   0.0
      Sewer |       0 |      40 | 100.0 |       0 |      16 | 100.0
      IceCv |       0 |    2854 | 100.0 |       0 |      10 | 100.0
            +---------+---------+-------+---------+---------+-------
